 Dungeon Crawl Stone Soup version 0.29.0-4-gdea44cf6ec (webtiles) character file.

Game seed: 15013411021487508229

11753 qw the Cleaver (level 11, -3/94 HPs)
             Began as a Demonspawn Cinder Acolyte on Sept 9, 2022.
             Was a Follower of Ignis.
             Slain by an enormous slime creature (27 damage)
             ... while petrified by a basilisk
             ... on level 11 of the Dungeon.
             The game lasted 00:04:36 (9918 turns).

qw the Cleaver (Demonspawn Cinder Acolyte)          Turns: 9918, Time: 00:04:36

Health: -3/94      AC: 20    Str: 18    XL:     11   Next: 53%
Magic:  12/12      EV:  2    Int: 13    God:    Ignis [*.....]
Gold:   511        SH:  0    Dex: 16    Spells: 12/12 levels left

rFire   + . .      SeeInvis .   Y - +0 war axe
rCold   . . .      Faith    .   y - +0 kite shield
rNeg    + + +      Spirit   .   o - +2 chain mail {rPois}
rPois   inf        Reflect  .   n - +0 helmet
rElec   .          Harm     .   a - +0 cloak
rCorr   +          Rampage  .   c - +1 pair of gloves
Will    .....                   A - +0 pair of boots
Stlth   ..........              l - amulet of regeneration
HPRegen 1.05/turn               g - ring of resist corrosion
MPRegen 0.13/turn               x - +6 ring of dexterity

@: petrified
A: slimy green scales 2, demonic guardian 2, weakness stinger 2, dopey 1, robust
1, MP-powered wands
a: Renounce Religion, Fiery Armour, Foxfire Swarm, Rising Flame


You were on level 11 of the Dungeon.
You worshipped Ignis.
Ignis was aware of your devotion.
You visited 1 branch of the dungeon, and saw 11 of its levels.

You collected 674 gold pieces.
You spent 163 gold pieces at shops.


Innate Abilities, Weirdness & Mutations

You are mostly covered in slimy green scales. (AC +3)
A demonic guardian rushes to your aid.
You have a tail ending in a sharp stinger.
You are dopey. (Int -2)
You are robust. (+10% HP)
You expend magic power (3 MP) to strengthen your wands.


   Skills:
 - Level 8.0 Fighting
 - Level 12.0 Axes
 - Level 1.1 Throwing
 + Level 5.0 Armour
 - Level 3.3 Dodging
 - Level 8.0 Shields
 - Level 1.0 Spellcasting
 - Level 2.6 Fire Magic


You had 12 spell levels left.
You didn't know any spells.
Your spell library contained the following spells:

 Spells                   Type           Power      Damage    Failure   Level
 Scorch                   Fire           14%        2d6       99%         2

Inventory:

Hand Weapons
 d - a +1 hand axe of flaming
 Y - a +0 war axe (weapon)
Missiles
 f - 4 boomerangs (quivered)
Armour
 a - a +0 cloak (worn)
 c - a +1 pair of gloves (worn)
 n - a +0 helmet (worn)
 o - a +2 chain mail of poison resistance (worn)
 s - a +0 plate armour
 y - a +0 kite shield (worn)
 A - a +0 pair of boots (worn)
Jewellery
 g - a ring of resist corrosion (left hand)
 k - a ring of poison resistance
 l - an amulet of regeneration (around neck)
 q - a ring of fire
 x - a +6 ring of dexterity (right hand)
Wands
 i - a wand of digging (8)
Scrolls
 e - a scroll of identify
 z - 2 scrolls of teleportation
Potions
 b - 2 potions of haste
 h - a potion of might
 j - 2 potions of curing
 m - 2 potions of resistance
 p - 2 potions of mutation
 r - a potion of heal wounds

Dungeon Overview and Level Annotations

Branches:
Dungeon (11/15)            Temple (0/1) D:7             Orc (0/2) D:11
   Lair: D:8-11

Altars:
Cheibriados
Dithmenos
Fedhas
Makhleb
Nemelex Xobeh
Okawaru
Qazlal
Trog
Vehumet
Yredelemnul

Shops:
D:3 *   D:5 [

Annotations:
D:2 1 runed translucent door, Crazy Yiuf


Message History

The slime creature hits you! The steam dragon breathes steam at you.
The ball of steam hits you. You resist.
A slime creature comes into view.
The basilisk bites you.
The slime creature quivers.
You have turned to stone.
The slime creature is engulfed in a cloud of scalding steam.
The slime creature dies!
The steam dragon breathes steam at you. The ball of steam hits you. You resist.
Two slime creatures merge to form a very large slime creature.
The basilisk is engulfed in a cloud of scalding steam.
The basilisk bites you! The steam dragon barely misses you.
The steam dragon claws you but does no damage.
A slime creature comes into view.
The basilisk gazes at you.
The very large slime creature is engulfed in a cloud of scalding steam.
The very large slime creature barely misses you.
The slime creature quivers.
The steam dragon completely misses you.
The steam dragon claws you but does no damage.
Two slime creatures merge to form an enormous slime creature.
The basilisk is engulfed in a cloud of scalding steam.
The basilisk gazes at you.
The steam dragon bites you but does no damage.
The steam dragon claws you but does no damage.
The basilisk gazes at you. You resist with some effort.
The enormous slime creature hits you!!
A demonic guardian appears!
The steam dragon bites you but does no damage.
The steam dragon claws you but does no damage.
The enormous slime creature hits you!!!!
The basilisk bites you but does no damage.
Your rust devil barely misses the basilisk.
The steam dragon barely misses you.
The steam dragon claws you but does no damage.
The enormous slime creature hits you!!!
You die...

.........# #.#
#######'## #.# #.# #+#
### # ## ##. # .##
#...# ### ##J#......
..### #####.@l4.....
##..####
##......D......
#.....###........##.##.
###.........###.#..##
#.########.#..##.# ###
###### ##


You could see an enormous slime creature, a basilisk (ally target), a steam
dragon and a friendly rust devil (summoned).

Vanquished Creatures
  2 hydras
  Pikel (D:4)
  An ugly thing (D:11)
  Maurice (D:11)
  A gargoyle (D:11)
  A kobold demonologist (D:10)
  A komodo dragon (D:11)
  A troll (D:9)
  Grinder (D:6)
  A slime creature (D:11)
  5 wyverns
  A vampire (D:11)
  10 yaks
  2 wraiths (D:10)
  2 steam dragons
  Duvessa (D:5)
  4 orc warriors
  A sky beast (D:6)
  2 ogres (D:6)
  A centaur (D:8)
  4 lemures (D:3)
  A phantom (D:4)
  7 kobold brigands
  2 bullfrogs
  4 scorpions
  2 necrophages
  Dowan (D:5)
  23 killer bees
  5 hounds
  2 orc priests (D:9)
  3 jellies
  Terence (D:2)
  2 iguanas
  10 orc wizards
  6 adders
  3 gnolls (D:3)
  2 shadow imps
  3 white imps
  2 worms (D:2)
  5 dart slugs
  41 orcs
  3 ball pythons
  9 endoplasms
  3 giant cockroaches
  7 goblins
  11 hobgoblins
  A jackal (D:1)
  39 kobolds
  3 quokkas
  10 bats
  4 frilled lizards
  7 rats
266 creatures vanquished.

Vanquished Creatures (collateral kills)
  A gargoyle (D:11)
  4 yaks
  A wraith (D:11)
  A phantom (D:7)
  A scorpion (D:6)
  3 killer bees (D:7)
11 creatures vanquished.

Vanquished Creatures (others)
  A slime creature (D:11)
  2 orcs
  5 fungi (D:2)
  2 plants (D:2)
10 creatures vanquished.

Grand Total: 287 creatures vanquished

Notes
Turn   | Place    | Note
-------+----------+-------------------------------------------
     0 | D:1      | qw the Demonspawn Cinder Acolyte began the quest for the
                  | Orb.
     0 | D:1      | Reached XP level 1. HP: 18/18 MP: 2/2
     0 | D:1      | 0 ||| qw: Version: 0.1-a-113-g051387a
     0 | D:1      | 0 ||| qw: Game counter: 7041
     0 | D:1      | 0 ||| qw: Always use a shield: true
     0 | D:1      | 0 ||| qw: God list: Okawaru
     0 | D:1      | 0 ||| qw: Allow faded altars: false
     0 | D:1      | 0 ||| qw: Do Orc after D:15 true
     0 | D:1      | 0 ||| qw: Do second Lair branch before Depths: true
     0 | D:1      | 0 ||| qw: Lair rune preference: random
     0 | D:1      | 0 ||| qw: Plans: Normal
     0 | D:1      | 0 ||| PLANNING D:1-11
   237 | D:1      | Reached skill level 3 in Axes
   335 | D:1      | Gained mutation: You are partially covered in slimy green
                  | scales. (AC +2) [demonic ancestry]
   335 | D:1      | Reached XP level 2. HP: 14/24 MP: 3/3
   536 | D:1      | 536 ||| Stepping ~*~*~tactically~*~*~ (stealth).
   538 | D:1      | 538 ||| Stepping ~*~*~tactically~*~*~ (stealth).
   540 | D:1      | 540 ||| Stepping ~*~*~tactically~*~*~ (stealth).
   672 | D:1      | 672 ||| Stepping ~*~*~tactically~*~*~ (stealth).
   673 | D:1      | 673 ||| Stepping ~*~*~tactically~*~*~ (stealth).
   706 | D:1      | 706 ||| Stepping ~*~*~tactically~*~*~ (hiding).
  1144 | D:1      | 1144 ||| UPGRADING to +0 pair of gloves.
  1149 | D:1      | 1149 ||| UPGRADING to +0 chain mail.
  1159 | D:1      | 1159 ||| DROPPING +0 robe.
  1160 | D:1      | 1160 ||| UPGRADING to amulet of regeneration.
  1165 | D:1      | 1165 ||| UPGRADING to ring of resist corrosion.
  1166 | D:1      | 1166 ||| READING 2 scrolls labelled IRGHIFF HAAMYM.
  1178 | D:1      | 1178 ||| READING scroll labelled QIOZXO WITOI.
  1179 | D:1      | 1179 ||| READING scroll labelled SIBBANKUUMO.
  1180 | D:1      | 1180 ||| READING scroll labelled SUACKAS NYOGA.
  1181 | D:1      | 1181 ||| READING scroll labelled QIWIKL HIYHEA.
  1182 | D:1      | 1182 ||| DRINKING 2 metallic sapphire potions.
  1214 | D:1      | 1214 ||| DROPPING scroll of torment.
  1215 | D:1      | 1215 ||| DROPPING potion of lignification.
  1365 | D:2      | Gained mutation: You have a small tail. [demonic ancestry]
  1365 | D:2      | Reached XP level 3. HP: 29/29 MP: 4/4
  1492 | D:2      | 1492 ||| Stepping ~*~*~tactically~*~*~ (stealth).
  1492 | D:2      | Found a faded altar of an unknown god.
  1493 | D:2      | 1493 ||| Stepping ~*~*~tactically~*~*~ (stealth).
  1495 | D:2      | Reached skill level 1 in Armour
  1506 | D:2      | 1506 ||| Stepping ~*~*~tactically~*~*~ (stealth).
  1623 | D:2      | Found a runed translucent door.
  1624 | D:2      | Noticed Crazy Yiuf
  1700 | D:2      | 1700 ||| Stepping ~*~*~tactically~*~*~ (stealth).
  1725 | D:2      | Reached skill level 4 in Axes
  1800 | D:2      | 1800 ||| Stepping ~*~*~tactically~*~*~ (hiding).
  1801 | D:2      | 1801 ||| Stepping ~*~*~tactically~*~*~ (hiding).
  2109 | D:2      | Noticed Terence
  2110 | D:2      | 2110 ||| Stepping ~*~*~tactically~*~*~ (hiding).
  2129 | D:2      | Killed Terence
  2130 | D:2      | Gained mutation: A weak demonic guardian rushes to your
                  | aid. [demonic ancestry]
  2130 | D:2      | Reached XP level 4. HP: 29/35 MP: 5/5
  2279 | D:2      | 2279 ||| UPGRADING to +0 cloak.
  2284 | D:2      | 2284 ||| READING scroll labelled ZEGEUR OSOUSUNKI.
  2337 | D:3      | 2337 ||| Stepping ~*~*~tactically~*~*~ (hiding).
  2388 | D:3      | 2388 ||| Stepping ~*~*~tactically~*~*~ (stealth).
  2395 | D:3      | 2395 ||| Stepping ~*~*~tactically~*~*~ (stealth).
  2396 | D:3      | 2396 ||| Stepping ~*~*~tactically~*~*~ (stealth).
  2420 | D:3      | Reached skill level 5 in Axes
  2498 | D:3      | 2498 ||| Stepping ~*~*~tactically~*~*~ (stealth).
  2500 | D:3      | 2500 ||| Stepping ~*~*~tactically~*~*~ (hiding).
  2501 | D:3      | 2501 ||| INVOKING Fiery Armour.
  2505 | D:3      | Gained mutation: You are mostly covered in slimy green
                  | scales. (AC +3) [demonic ancestry]
  2505 | D:3      | Reached XP level 5. HP: 25/41 MP: 6/6
  2593 | D:3      | Found Xubracih's General Store.
  2609 | D:3      | 2609 ||| BUYING wand of digging (3) (163 gold).
  2609 | D:3      | Bought a wand of digging (3) for 163 gold pieces
  3001 | D:3      | 3001 ||| READING scroll labelled LECIHYEGIXU.
  3002 | D:3      | 3002 ||| DRINKING 2 coppery potions.
  3023 | D:4      | Noticed Pikel
  3023 | D:4      | Noticed a lemure
  3023 | D:4      | Noticed a lemure
  3023 | D:4      | Noticed a lemure
  3023 | D:4      | Noticed a lemure
  3024 | D:4      | 3024 ||| STAIRDANCE
  3033 | D:3      | Killed a lemure
  3041 | D:4      | 3041 ||| STAIRDANCE
  3046 | D:3      | Killed a lemure
  3048 | D:3      | 3048 ||| INVOKING Fiery Armour.
  3049 | D:3      | Killed a lemure
  3051 | D:3      | Killed a lemure
  3085 | D:4      | 3085 ||| STAIRDANCE
  3115 | D:4      | Killed Pikel
  3116 | D:4      | Reached skill level 7 in Axes
  3116 | D:4      | Reached XP level 6. HP: 47/47 MP: 7/7
  3116 | D:4      | Reached XP level 7. HP: 52/52 MP: 8/8
  3125 | D:4      | 3125 ||| Stepping ~*~*~tactically~*~*~ (stealth).
  3126 | D:4      | 3126 ||| Stepping ~*~*~tactically~*~*~ (stealth).
  3175 | D:4      | 3175 ||| Stepping ~*~*~tactically~*~*~ (stealth).
  3351 | D:4      | 3351 ||| Stepping ~*~*~tactically~*~*~ (stealth).
  3352 | D:4      | 3352 ||| Stepping ~*~*~tactically~*~*~ (stealth).
  3353 | D:4      | 3353 ||| Stepping ~*~*~tactically~*~*~ (stealth).
  3354 | D:4      | 3354 ||| Stepping ~*~*~tactically~*~*~ (stealth).
  3355 | D:4      | 3355 ||| Stepping ~*~*~tactically~*~*~ (stealth).
  3363 | D:4      | Reached skill level 1 in Dodging
  3382 | D:4      | 3382 ||| Stepping ~*~*~tactically~*~*~ (stealth).
  3383 | D:4      | 3383 ||| Stepping ~*~*~tactically~*~*~ (stealth).
  3387 | D:4      | 3387 ||| Stepping ~*~*~tactically~*~*~ (stealth).
  3389 | D:4      | 3389 ||| Stepping ~*~*~tactically~*~*~ (stealth).
  3439 | D:4      | 3439 ||| Stepping ~*~*~tactically~*~*~ (stealth).
  3446 | D:4      | 3446 ||| Stepping ~*~*~tactically~*~*~ (stealth).
  3617 | D:4      | 3617 ||| Stepping ~*~*~tactically~*~*~ (hiding).
  3798 | D:4      | 3798 ||| READING scroll of enchant weapon.
  3798 | D:4      | 3798 ||| ENCHANTING +0 hand axe of flaming.
  4607 | D:4      | 4607 ||| UPGRADING to +0 helmet.
  4612 | D:4      | 4612 ||| READING scroll labelled DELIARROCVU.
  4616 | D:4      | 4616 ||| READING scroll labelled ACECWY ZUMMY.
  4617 | D:4      | 4617 ||| DRINKING 2 fuming green potions.
  4618 | D:4      | 4618 ||| DRINKING 2 amethyst potions.
  4618 | D:4      | Gained mutation: You are robust. (+10% HP) [potion of
                  | mutation]
  4618 | D:4      | Gained mutation: You expend magic power (3 MP) to
                  | strengthen your wands. [potion of mutation]
  4618 | D:4      | Gained mutation: You are dopey. (Int -2) [potion of
                  | mutation]
  4632 | D:5      | Entered Level 5 of the Dungeon
  4641 | D:5      | 4641 ||| Stepping ~*~*~tactically~*~*~ (stealth).
  4642 | D:5      | 4642 ||| STAIRDANCE
  4649 | D:5      | 4649 ||| STAIRDANCE
  4662 | D:5      | 4662 ||| STAIRDANCE
  4757 | D:5      | 4757 ||| Stepping ~*~*~tactically~*~*~ (stealth).
  4759 | D:5      | 4759 ||| Stepping ~*~*~tactically~*~*~ (hiding).
  4761 | D:5      | 4761 ||| Stepping ~*~*~tactically~*~*~ (hiding).
  4796 | D:5      | Noticed Duvessa
  4797 | D:5      | Noticed Dowan
  4798 | D:5      | 4798 ||| INVOKING Fiery Armour.
  4806 | D:5      | Reached skill level 3 in Armour
  4806 | D:5      | Killed Dowan
  4807 | D:5      | Reached skill level 1 in Throwing
  4807 | D:5      | Gained mutation: A demonic guardian rushes to your aid.
                  | [demonic ancestry]
  4807 | D:5      | Reached XP level 8. HP: 53/66 MP: 9/9
  4820 | D:5      | Killed Duvessa
  4860 | D:5      | Found Yteipis's Antique Armour Shoppe.
  4878 | D:5      | Reached skill level 8 in Axes
  4881 | D:5      | 4881 ||| SHOPLISTING faintly glowing buckler (190 gold,
                  | have 115).
  4881 | D:5      | 4881 ||| SHOPLISTING glowing chain mail (150 gold, have
                  | 115).
  4881 | D:5      | 4881 ||| SHOPLISTING pair of runed boots (150 gold, have
                  | 115).
  4884 | D:5      | Found a stormy altar of Qazlal.
  5039 | D:5      | Found an iron altar of Okawaru.
  5039 | D:5      | Found a bloodstained altar of Trog.
  5039 | D:5      | Found a basalt altar of Yredelemnul.
  5043 | D:5      | 5043 ||| Stepping ~*~*~tactically~*~*~ (stealth).
  5056 | D:5      | Found a sparkling altar of Nemelex Xobeh.
  5061 | D:5      | Found a snail-covered altar of Cheibriados.
  5132 | D:5      | Found a burning altar of Makhleb.
  5200 | D:5      | 5200 ||| UPGRADING to +2 chain mail of poison resistance.
  5210 | D:5      | 5210 ||| DROPPING +0 chain mail.
  5211 | D:5      | 5211 ||| READING 2 scrolls labelled ZIBAIDUMEL.
  5212 | D:5      | 5212 ||| READING scroll labelled ZEXANYOQIU.
  5213 | D:5      | 5213 ||| READING 2 scrolls of identify.
  5213 | D:5      | 5213 ||| IDENTIFYING yellow potion
  5214 | D:5      | 5214 ||| DROPPING potion of ambrosia.
  5215 | D:5      | 5215 ||| DROPPING scroll of butterflies.
  5227 | D:6      | 5227 ||| Stepping ~*~*~tactically~*~*~ (hiding).
  5258 | D:6      | 5258 ||| Stepping ~*~*~tactically~*~*~ (stealth).
  5265 | D:6      | 5265 ||| Stepping ~*~*~tactically~*~*~ (stealth).
  5266 | D:6      | 5266 ||| Stepping ~*~*~tactically~*~*~ (stealth).
  5267 | D:6      | 5267 ||| Stepping ~*~*~tactically~*~*~ (stealth).
  5358 | D:6      | 5358 ||| FLEEEEING.
  5359 | D:6      | 5359 ||| FLEEEEING.
  5360 | D:6      | 5360 ||| FLEEEEING.
  5361 | D:6      | 5361 ||| FLEEEEING.
  5371 | D:6      | 5371 ||| SWAPPING to +0 war axe.
  5378 | D:6      | Reached skill level 9 in Axes
  5382 | D:6      | 5382 ||| Stepping ~*~*~tactically~*~*~ (stealth).
  5410 | D:6      | Noticed Grinder
  5411 | D:6      | 5411 ||| INVOKING Fiery Armour.
  5421 | D:6      | 5421 ||| Stepping ~*~*~tactically~*~*~ (hiding).
  5423 | D:6      | 5423 ||| Stepping ~*~*~tactically~*~*~ (hiding).
  5428 | D:6      | Killed Grinder
  5560 | D:6      | Found a shadowy altar of Dithmenos.
  5579 | D:6      | Reached XP level 9. HP: 74/74 MP: 10/10
  5800 | D:6      | 5800 ||| UPGRADING to +0 buckler.
  5805 | D:6      | 5805 ||| DROPPING ring of resist corrosion.
  5806 | D:6      | 5806 ||| UPGRADING to +6 ring of dexterity.
  5807 | D:6      | 5807 ||| READING scroll labelled WUNUALYXOB.
  5808 | D:6      | 5808 ||| READING 2 scrolls of identify.
  5808 | D:6      | 5808 ||| IDENTIFYING dark potion
  5869 | D:7      | 5869 ||| Stepping ~*~*~tactically~*~*~ (stealth).
  5883 | D:7      | Found a staircase to the Ecumenical Temple.
  6024 | D:7      | Reached skill level 1 in Shields
  6276 | D:7      | 6276 ||| Stepping ~*~*~tactically~*~*~ (hiding).
  6368 | D:7      | Reached skill level 3 in Shields
  6413 | D:7      | 6413 ||| Stepping ~*~*~tactically~*~*~ (stealth).
  6435 | D:7      | Reached skill level 6 in Fighting
  6583 | D:7      | 6583 ||| Stepping ~*~*~tactically~*~*~ (hiding).
  6585 | D:7      | 6585 ||| Stepping ~*~*~tactically~*~*~ (hiding).
  6757 | D:7      | 6757 ||| READING scroll labelled SAIDEXUCKI.
  6792 | D:8      | 6792 ||| Stepping ~*~*~tactically~*~*~ (hiding).
  6794 | D:8      | 6794 ||| Stepping ~*~*~tactically~*~*~ (hiding).
  6929 | D:8      | 6929 ||| READING scroll of enchant armour.
  6929 | D:8      | 6929 ||| ENCHANTING +0 pair of gloves.
  7030 | D:8      | 7030 ||| Stepping ~*~*~tactically~*~*~ (stealth).
  7047 | D:8      | 7047 ||| DRINKING 4 potions of curing.
  7047 | D:8      | 7047 ||| (to cure confusion)
  7048 | D:8      | 7048 ||| DRINKING 3 potions of curing.
  7048 | D:8      | 7048 ||| (to cure confusion)
  7089 | D:8      | 7089 ||| Stepping ~*~*~tactically~*~*~ (stealth).
  7093 | D:8      | 7093 ||| Stepping ~*~*~tactically~*~*~ (stealth).
  7107 | D:8      | 7107 ||| Stepping ~*~*~tactically~*~*~ (stealth).
  7120 | D:8      | Reached skill level 10 in Axes
  7122 | D:8      | 7122 ||| Stepping ~*~*~tactically~*~*~ (stealth).
  7123 | D:8      | 7123 ||| Stepping ~*~*~tactically~*~*~ (stealth).
  7173 | D:8      | 7173 ||| Stepping ~*~*~tactically~*~*~ (hiding).
  7175 | D:8      | 7175 ||| Stepping ~*~*~tactically~*~*~ (hiding).
  7196 | D:8      | 7196 ||| Stepping ~*~*~tactically~*~*~ (hiding).
  7207 | D:8      | 7207 ||| Stepping ~*~*~tactically~*~*~ (stealth).
  7373 | D:8      | 7373 ||| Stepping ~*~*~tactically~*~*~ (stealth).
  7390 | D:8      | Reached XP level 10. HP: 86/86 MP: 11/11
  7762 | D:8      | 7762 ||| UPGRADING to +0 kite shield.
  7772 | D:8      | 7772 ||| DROPPING +0 buckler.
  7773 | D:8      | 7773 ||| UPGRADING to +0 pair of boots.
  7778 | D:8      | 7778 ||| DRINKING 3 silvery potions.
  7779 | D:8      | 7779 ||| DRINKING 2 black potions.
  7780 | D:8      | 7780 ||| READING 3 scrolls of identify.
  7780 | D:8      | 7780 ||| IDENTIFYING fuming blue potion
  7781 | D:8      | 7781 ||| READING 2 scrolls of identify.
  7781 | D:8      | 7781 ||| IDENTIFYING emerald potion
  7782 | D:8      | 7782 ||| DROPPING potion of invisibility.
  7783 | D:8      | 7783 ||| DROPPING 2 potions of attraction.
  7784 | D:8      | 7784 ||| DROPPING potion of brilliance.
  7799 | D:9      | 7799 ||| STAIRDANCE
  7842 | D:9      | 7842 ||| STAIRDANCE
  7888 | D:9      | 7888 ||| STAIRDANCE
  8006 | D:9      | 8006 ||| Stepping ~*~*~tactically~*~*~ (stealth).
  8056 | D:9      | 8056 ||| Stepping ~*~*~tactically~*~*~ (stealth).
  8058 | D:9      | 8058 ||| Stepping ~*~*~tactically~*~*~ (stealth).
  8064 | D:9      | 8064 ||| Stepping ~*~*~tactically~*~*~ (stealth).
  8070 | D:9      | 8070 ||| INVOKING Fiery Armour.
  8072 | D:9      | Reached skill level 6 in Shields
  8095 | D:9      | Reached skill level 3 in Dodging
  8119 | D:9      | 8119 ||| Stepping ~*~*~tactically~*~*~ (stealth).
  8192 | D:9      | 8192 ||| INVOKING Fiery Armour.
  8423 | D:9      | 8423 ||| READING 2 scrolls of identify.
  8423 | D:9      | 8423 ||| IDENTIFYING puce potion
  8447 | D:10     | Entered Level 10 of the Dungeon
  8457 | D:10     | Noticed a five-headed hydra
  8458 | D:10     | 8458 ||| INVOKING Fiery Armour.
  8459 | D:10     | 8459 ||| SWAPPING to +1 hand axe of flaming.
  8466 | D:10     | Killed a one-headed hydra
  8467 | D:10     | Reached skill level 11 in Axes
  8467 | D:10     | 8467 ||| SWAPPING to +0 war axe.
  8493 | D:10     | Found a blossoming altar of Fedhas.
  8563 | D:10     | Identified the +7 whip of Regicide {vorpal, *Corrode Fly
                  | rC+ SInv}
  8572 | D:10     | Gained mutation: You have a tail ending in a sharp stinger.
                  | [demonic ancestry]
  8572 | D:10     | Reached XP level 11. HP: 88/92 MP: 12/12
  8579 | D:10     | 8579 ||| Stepping ~*~*~tactically~*~*~ (stealth).
  8584 | D:10     | 8584 ||| INVOKING Fiery Armour.
  8588 | D:10     | Noticed a sixfirhy
  8858 | D:10     | Found a radiant altar of Vehumet.
  9186 | D:10     | 9186 ||| READING 2 scrolls of identify.
  9186 | D:10     | 9186 ||| IDENTIFYING bubbling grey potion
  9187 | D:10     | 9187 ||| DROPPING potion of berserk rage.
  9410 | D:11     | 9410 ||| DRINKING 5 potions of curing.
  9410 | D:11     | 9410 ||| (to cure confusion)
  9425 | D:11     | 9425 ||| INVOKING Fiery Armour.
  9512 | D:11     | Noticed Maurice
  9513 | D:11     | Noticed an eight-headed hydra
  9513 | D:11     | 9513 ||| Stepping ~*~*~tactically~*~*~ (stealth).
  9518 | D:11     | 9518 ||| Stepping ~*~*~tactically~*~*~ (stealth).
  9524 | D:11     | 9524 ||| SWAPPING to +1 hand axe of flaming.
  9528 | D:11     | 9528 ||| INVOKING Fiery Armour.
  9531 | D:11     | Killed a five-headed hydra
  9532 | D:11     | 9532 ||| SWAPPING to +0 war axe.
  9539 | D:11     | 9539 ||| DRINKING 4 potions of curing.
  9539 | D:11     | 9539 ||| (to cure confusion)
  9544 | D:11     | Killed Maurice
  9547 | D:11     | 9547 ||| FLEEEEING.
  9576 | D:11     | 9576 ||| Stepping ~*~*~tactically~*~*~ (stealth).
  9599 | D:11     | 9599 ||| Stepping ~*~*~tactically~*~*~ (stealth).
  9600 | D:11     | Found a staircase to the Orcish Mines.
  9601 | D:11     | 9601 ||| Stepping ~*~*~tactically~*~*~ (hiding).
  9610 | D:11     | 9610 ||| DRINKING 3 potions of curing.
  9610 | D:11     | 9610 ||| (to cure confusion)
  9649 | D:11     | Noticed a brown ugly thing
  9658 | D:11     | Killed a brown ugly thing
  9756 | D:11     | 9756 ||| Stepping ~*~*~tactically~*~*~ (hiding).
  9780 | D:11     | 9780 ||| INVOKING Fiery Armour.
  9891 | D:11     | Reached skill level 12 in Axes
  9909 | D:11     | 9909 ||| DRINKING potion of cancellation.
  9917 | D:11     | HP: 23/94 [enormous slime creature (36)]
  9918 | D:11     | Slain by an enormous slime creature

Levels and vault maps discovered:
D:1:      dpeg_arrival_circle_labyrinth_b, layout_basic, minmay_tetromino_i4
D:2:      layout_basic, dreamdust_ecumenical_altar_grove, uniq_terence,
          uniq_crazy_yiuf_cottage
D:3:      layout_basic, serial_shops, nicolae_diamond_shop, st_stairs_3,
          minmay_misc_feat_tiny
D:4:      layout_layer_cave, uniq_pikel
D:5:      layout_cave_pools, grunt_qazlal_clouds, bloody_makhleb,
          minmay_overflow_temple_hex, serial_shops, shop, uniq_duvessa
D:6:      layout_rooms, nicolae_overflow_crystal_walls, uniq_grinder
D:7:      layout_gridville, minmay_temple_entry_overgrown
D:8:      layout_gridville
D:9:      layout_basic
D:10:     layout_grid_maze, nicolae_overflow_hidden_temple,
          fedhas_altar_fruit_tree, st_stairs_1
D:11:     layout_roguey, erik_lair_dragon, david_orc_2, minmay_misc_feat_chi,
          zin_treasury, uniq_maurice

Skill      XL: |  1  2  3  4  5  6  7  8  9 10 11 |
---------------+----------------------------------+-----
Axes           | 3 4 5 7 9 10 11 12 | 12.0
Armour         | 1 2 3 4 5 |  5.0
Dodging        | 1 2 3 |  3.3
Fighting       | 4 5 7 8 |  8.0
Throwing       | 1 |  1.1
Shields        | 3 7 8 |  8.0
Spellcasting   | |  1.0
Fire Magic     | |  2.6

Action                   |  1- 3 |  4- 6 |  7- 9 | 10-12 || total
-------------------------+-------+-------+-------+-------++-------
Melee: Hand axe          |   114 |   100 |   197 |    12 ||   423
       Punch             |     1 |     1 |     3 |       ||     5
       Tailslap          |     4 |    13 |    60 |    64 ||   141
       War axe           |       |       |   259 |   320 ||   579
Throw: Boomerang         |    66 |       |    40 |    36 ||   142
Invok: Fiery Armour      |       |     2 |     2 |     7 ||    11
  Use: Scroll            |     5 |     2 |    10 |     4 ||    21
       Potion            |     1 |     1 |     4 |     6 ||    12
 Stab: Distracted        |       |       |       |     1 ||     1
Armor: Robe              |    24 |       |       |       ||    24
       Chain mail        |    31 |    55 |   316 |   210 ||   612
Dodge: Dodged            |    55 |    31 |   179 |    95 ||   360
Block: Buckler           |       |       |    84 |       ||    84
       Kite shield       |       |       |       |   171 ||   171

Table legend:
 A = Non-vault XP
 B = Vault XP
 C = Vault XP percentage of total XP
 D = Non-vault monster count
 E = Vault monster count
 F = Vault count percentage of total count
                 A         B        C        D         E       F
            +---------+---------+-------+---------+---------+-------
      Total |   13889 |    2901 |  17.3 |     254 |      20 |   7.3
            +---------+---------+-------+---------+---------+-------
        D:1 |      27 |       7 |  20.6 |      17 |       3 |  15.0
        D:2 |      47 |      38 |  44.7 |      24 |       1 |   4.0
        D:3 |     125 |       6 |   4.6 |      24 |       2 |   7.7
        D:4 |     413 |     593 |  58.9 |      28 |       1 |   3.4
        D:5 |     412 |     214 |  34.2 |      14 |       2 |  12.5
        D:6 |     778 |     267 |  25.6 |      19 |       1 |   5.0
        D:7 |    1356 |       0 |   0.0 |      25 |       0 |   0.0
        D:8 |    2097 |       0 |   0.0 |      34 |       0 |   0.0
        D:9 |    3126 |       0 |   0.0 |      34 |       0 |   0.0
       D:10 |    2181 |     450 |  17.1 |      16 |       2 |  11.1
       D:11 |    3327 |    1326 |  28.5 |      19 |       8 |  29.6
            +---------+---------+-------+---------+---------+-------
